Match 45757475
Unlisted

Match 45757475
End
Panzergrenadier Squad
Selects Armored Support Battlegroup
Kradschützen Motorcycle Team
Panzergrenadier Squad
Construct Light Support Kompanie
MG34 Team
Fire Support Elements
Pak 38 Anti-tank Gun Team
le.IG 18 Support Gun Team
2.5-tonne Medical Truck
UH|dun! ツ
UH|ck
UH|XTC
PvtBaker
✪ Yeonwoo.bit
markaren
0
0

Comments sign in to comment!

No comments posted yet!